 Dungeon Crawl Stone Soup version 0.30.1-4-g462c640d31 (webtiles) character file.

Game seed: 12743412780532461212

126 growler the Gusty (level 5, -2/28 HPs)
             Began as a Tengu Air Elementalist on Sept 5, 2023.
             Killed from afar by Grinder (3 damage)
             ... with a puff of flame
             ... on level 2 of the Dungeon.
             The game lasted 00:06:48 (2860 turns).

growler the Gusty (Tengu Air Elementalist)          Turns: 2860, Time: 00:06:49

Health: -2/28      AC:  2    Str:  8    XL:     5   Next: 9%
Magic:  8/10       EV: 14    Int: 18    God:
Gold:   111        SH:  0    Dex: 14    Spells: 0/10 levels left

rFire   . . .        (no weapon)
rCold   . . .        (no shield)
rNeg    + . .        a - +0 robe
rPois   .            (helmet restricted)
rElec   .            (no cloak)
rCorr   .            (no gloves)
SInv    .            (boots unavailable)
Will    +....        (no amulet)
Stlth   ++           e - ring of willpower
HPRegen 0.24/turn    c - ring of positive energy
MPRegen 0.12/turn

%: no passive effects
@: flying quickly and evasively, very slightly contaminated, quick
A: beak, talons 3, nimble flight
a: no special abilities


You were on level 2 of the Dungeon.
You visited 1 branch of the dungeon, and saw 3 of its levels.

You collected 111 gold pieces.

Inventory:

Armour
 a - a +0 robe (worn)
Jewellery
 c - a ring of positive energy (right hand)
 e - a ring of willpower (left hand)
Scrolls
 d - a scroll of fear {unknown}
 f - 4 scrolls of teleportation {unknown}
 g - a scroll of vulnerability {unknown}
 h - a scroll of enchant weapon {unknown}
 i - a scroll of magic mapping {unknown}
 j - a scroll of identify {unknown}
Potions
 b - a potion of magic
 k - a potion of flight {unknown}


   Skills:
 - Level 2.1 Dodging
 - Level 2.0 Stealth
 + Level 3.1 Spellcasting
 + Level 3.7 Conjurations
 + Level 5.3 Air Magic


You couldn't memorise any spells.
You knew the following spells:

 Your Spells              Type           Power      Damage    Failure   Level
a - Shock                 Conj/Air       76%        1d7       2%          1
b - Static Discharge      Conj/Air       38%        2-4/arc   3%          2
c - Swiftness             Air            22%        N/A       5%          3
d - Airstrike             Air            11%        2d(2-18)  17%         4

Your spell library contained the following spells:

 Spells                   Type           Power      Damage    Failure   Level
 Cigotuvi's Dreadful Rot  Necr/Pois/Air  18%        N/A       12%         2
 Dispel Undead            Necr           2%         3d7       85%         4
 Summon Ice Beast         Ice/Summ       2%         N/A       85%         4
 Summon Mana Viper        Hex/Summ       2%         N/A       99%         5
 Death Channel            Necr           1%         N/A       100%        6
 Monstrous Menagerie      Summ           1%         N/A       100%        7


Dungeon Overview and Level Annotations

Branches:
Dungeon (3/15)

Altars:
Sif Muna

Annotations:
D:2 Grinder


Innate Abilities, Weirdness & Mutations

You have a beak for a mouth.
You have claws for feet.
Your magical nature lets you fly swiftly and evasively.


Message History

Casting: Static Discharge (safe; 3% risk of failure)
Confirm with . or Enter, or press ? or * to list all spells.
Grinder is struck by an arc of lightning.
Grinder is heavily wounded.
You are struck by an arc of lightning.
The lightning grounds out.
Grinder closely misses you.
Casting: Static Discharge (safe; 3% risk of failure)
Confirm with . or Enter, or press ? or * to list all spells.
You miscast Static Discharge.
You are very lightly contaminated with residual magic.
Nothing appears to happen.
Grinder zaps a wand.
The puff of flame misses you.
Casting: Static Discharge (safe; 3% risk of failure)
Confirm with . or Enter, or press ? or * to list all spells.
Grinder is struck by an arc of lightning.
Grinder is heavily wounded.
You are struck by an arc of lightning.
Grinder is struck by an arc of lightning.
Grinder is heavily wounded.
You are struck by an arc of lightning.
The lightning grounds out.
Grinder misses you.
Casting: Static Discharge (safe; 3% risk of failure)
Confirm with . or Enter, or press ? or * to list all spells.
Grinder is struck by an arc of lightning.
Grinder is severely wounded.
You are struck by an arc of lightning.
The lightning grounds out.
Grinder hits you.
You writhe in agony.
Magic courses through your body. Grinder hits you.
* * * LOW HITPOINT WARNING * * *
You writhe in agony.
* * * LOW HITPOINT WARNING * * *
Casting: Static Discharge (safe; 3% risk of failure)
Confirm with . or Enter, or press ? or * to list all spells.
Grinder is struck by an arc of lightning.
Grinder is severely wounded.
You are struck by an arc of lightning.
* * * LOW HITPOINT WARNING * * *
Grinder is struck by an arc of lightning.
Grinder is almost dead.
The lightning grounds out.
Grinder zaps a wand.
The puff of flame hits you.
You die...

##.........#.......# ##.#
#####.#####.......# ##..#
#.# #..########..## #.##
##.#.....##.##
#..#####.#.###....#
##.......#.###..###
###.#.....##..#####
#...............#
##.#....@.#####.#
#.....5### #)#
#####..###### #.#
#...#..#....####.#
#......#.##.#.##.#
########.#...##.##.#....#
.........#.........#.####
.###..##.#.#####.###.#
.#.....#.........#...#


You could see Grinder.

Vanquished Creatures
  An orc priest (D:2)
  3 adders
  A worm (D:2)
  A dart slug (D:2)
  5 orcs (D:2)
  5 ball pythons
  4 bats
  4 endoplasms
  3 giant cockroaches
  8 hobgoblins
  A jackal (D:1)
  4 quokkas
  4 frilled lizards
  5 kobolds
  4 rats
53 creatures vanquished.

Notes
Turn   | Place    | Note
-------+----------+-------------------------------------------
     0 | D:1      | growler the Tengu Air Elementalist began the quest for the
                  | Orb.
     0 | D:1      | Reached XP level 1. HP: 10/10 MP: 4/4
   314 | D:1      | Reached XP level 2. HP: 15/15 MP: 3/6
   317 | D:1      | Learned a level 2 spell: Static Discharge
  1213 | D:1      | Reached XP level 3. HP: 19/19 MP: 4/7
  1453 | D:1      | Learned a level 3 spell: Swiftness
  1693 | D:2      | Found a shimmering blue altar of Sif Muna.
  1913 | D:2      | Reached skill level 5 in Air Magic
  1913 | D:2      | Reached XP level 4. HP: 18/24 MP: 3/9
  2659 | D:3      | Gained mutation: Your magical nature lets you fly swiftly
                  | and evasively. [Tengu growth]
  2659 | D:3      | Reached XP level 5. HP: 28/28 MP: 4/10
  2664 | D:3      | Learned a level 4 spell: Airstrike
  2764 | D:3      | Noticed Grinder
  2818 | D:3      | Paralysed by Grinder for 3 turns
  2860 | D:2      | HP: 1/28 [/static electricity (4)]
  2860 | D:2      | Killed from afar by Grinder

Illustrated notes

Levels and vault maps discovered:
D:1:      elethiomel_arrival_maze, layout_basic, serial_forest,
          infiniplex_forest_lined_room_2, infiniplex_forest_straight_1,
          infiniplex_forest_clump_double, infiniplex_forest_lined_3,
          infiniplex_forest_join, infiniplex_forest_lined_2,
          infiniplex_forest_straight_5, infiniplex_forest_side_room,
          infiniplex_forest_diagonal, infiniplex_forest_lined_corner,
          st_stairs_2, palyth_stone_intersect
D:2:      cheibrodos_pilgrimage, layout_basic, basic_altar, kennysheep_nub
D:3:      layout_loops_ring, cheibrodos_sewer_entry_sluice, uniq_sigmund,
          uniq_grinder, uniq_crazy_yiuf_cottage

Skill      XL: |  1  2  3  4 |
---------------+-------------+-----
Conjurations   | 2 3 |  3.7
Air Magic      | 5 |  5.3
Spellcasting   | 3 |  3.1
Dodging        | |  2.1
Stealth        | |  2.0

Action                     |  1- 3 |  4- 6 || total
---------------------------+-------+-------++-------
  Melee: Unarmed           |     7 |       ||     7
         Kick              |     1 |       ||     1
   Cast: Shock             |    79 |    48 ||   127
         Static Discharge  |       |     6 ||     6
    Use: Potion            |       |     1 ||     1
 Armour: Robe              |     3 |       ||     3
  Dodge: Dodged            |    12 |     9 ||    21
